 Dungeon Crawl Stone Soup version 0.26-a0-808-g930a2b7adc (webtiles) character file.

Game seed: 14122360250103698156

2 Morbidden the Sneak (level 1, -3/18 HPs)
             Began as a Demonspawn Delver on Nov 12, 2020.
             Slain by Prince Ribbit (12 damage)
             ... on level 5 of the Dungeon.
             The game lasted 00:00:49 (108 turns).

Morbidden the Sneak (Demonspawn Delver)              Turns: 108, Time: 00:00:50

Health: -3/18      AC:  3    Str: 12    XL:     1   Next: 33%
Magic:  1/1        EV: 12    Int: 11    God:
Gold:   0          SH:  0    Dex: 14    Spells: 0/0 levels left

rFire    . . .     SeeInvis .     - Unarmed
rCold    . . .     Faith    .   (no shield)
rNeg     . . .     Spirit   .   a - +0 leather armour
rPois    .         Reflect  .   (no helmet)
rElec    .         Harm     .   (no cloak)
rCorr    .         Rampage  .   (no gloves)
MR       .....                  (no boots)
Stlth    +++.......             (no amulet)
HPRegen  0.06/turn              (no ring)
MPRegen  0.07/turn              (no ring)

@: no status effects
A: no striking features
a: no special abilities


You were on level 5 of the Dungeon.
You visited 1 branch of the dungeon, and saw 1 of its levels.

Inventory:

Missiles
 g - 2 boomerangs (quivered)
Armour
 a - a +0 leather armour (worn)
Wands
 f - a wand of digging (3)
Scrolls
 b - a scroll of fog
 c - a scroll of magic mapping
 d - a scroll of fear
 h - a scroll of teleportation {unknown}
Potions
 e - a potion of haste


   Skills:
 + Level 3.0 Fighting
 + Level 1.7 Dodging
 + Level 4.6 Stealth
 + Level 1.7 Unarmed Combat


You couldn't memorise any spells.
You didn't know any spells.
Your spell library was empty.

Dungeon Overview and Level Annotations

Branches:
Dungeon (5/15)
 Temple: D:4-7

Altars:

Shops:
D:5 *

Annotations:
D:5 Prince Ribbit


Message History

You hit the jackal skeleton.
You destroy the jackal skeleton!
Unknown command.
You start resting.
An ogre is nearby!
You start resting.
An ogre is nearby!
An orc comes into view. It is wielding a +0 hand axe.
The orc moves out of view.
An orc priest comes into view. It is wielding a +0 hand axe.
The orc priest moves out of view.
Found Ymegoil's General Store.
A shadow imp comes into view.
The shadow imp shouts!
The orc priest shouts!
You hear a loud, deep croak!
You hear an angry hiss.
Prince Ribbit comes into view.
The shadow imp completely misses you. Prince Ribbit hits you!
Ouch! That really hurt!
You die...

##......... .... ..
#.......... .... ..
#...##...#...... ......
..##..# #.##... ...#.
#.###.###.#.... #...
##.#......O.....
#.∩.##......#......O.
..#...#......###.......
....#.@.)....##........
#.F.......O...#.....
#..5......#.####....
#....###..### #....
###### #..# #..... ##.#
....... ... ........
#....#......
....####..##


You could see Prince Ribbit, an ogre (wandering) and a shadow imp.

Vanquished Creatures
  A leopard gecko (D:5)
  A jackal skeleton (D:5)
2 creatures vanquished.

Vanquished Creatures (others)
  A worker ant (D:5)
1 creature vanquished.

Grand Total: 3 creatures vanquished

Notes
Turn   | Place    | Note
-------+----------+-------------------------------------------
     0 | D:5      | Morbidden the Demonspawn Delver began the quest for the
                  | Orb.
     0 | D:5      | Reached XP level 1. HP: 18/18 MP: 1/1
    17 | D:5      | Noticed an ogre
    17 | D:5      | Killed a worker ant
   102 | D:5      | Noticed an orc priest
   103 | D:5      | Found Ymegoil's General Store.
   106 | D:5      | Noticed Prince Ribbit
   108 | D:5      | Slain by Prince Ribbit

Illustrated notes

Levels and vault maps discovered:
D:5:      layout_cave_pools, xom_confusion_cloud,
          gammafunk_temple_overflow_pools, serial_shops, nicolae_shop_stone,
          kennysheep_generic_room_16, uniq_prince_ribbit1

Action                   || total
-------------------------++-------
Melee: Unarmed           ||    14
Armor: Leather armour    ||     1
Dodge: Dodged            ||    10

Table legend: (Time is in decaauts)
 A = Elapsed time spent in this place.
 B = Non-inter-level travel time spent in this place.
 C = Inter-level travel time spent in this place.
 D = Time resting spent in this place.
 E = Time spent auto-exploring this place.
 F = Levels seen in this place.
 G = Mean time per level.
                   A        B        C        D        E       F      G
               +--------+--------+--------+--------+--------+-----+--------+
         Total |    107 |    107 |      0 |     49 |      0 |   1 |  107.0 |
       Dungeon |    107 |    107 |      0 |     49 |      0 |   1 |  107.0 |
               +--------+--------+--------+--------+--------+-----+--------+

Top non-repeatable levels by time:
     D:5: 107 daAuts
